 Dungeon Crawl Stone Soup version 0.32-a0-360-gcd93b57ba1 (webtiles) character file.

Game seed: 7056818291099580029

88782 tilp the Warrior (level 15, -6/107 (129) HPs)
             Began as a Vampire Enchanter on Feb 18, 2024.
             Was the Champion of Wu Jian.
             Killed from afar by a laughing skull (30 damage)
             ... with a bolt of negative energy
             ... on level 14 of the Dungeon.
             The game lasted 00:59:41 (30562 turns).

tilp the Warrior (Vampire Enchanter)               Turns: 30562, Time: 00:59:42

HP:   -6/107 (129)  AC: 12    Str:  7    XL:     15   Next: 47%
MP:   25/25         EV: 18    Int: 25    God:    Wu Jian [******]
Gold: 534           SH:  5    Dex: 15    Spells: 5/28 levels left

rFire   + . .        b - +3 Maxwell's thermic engine {flame, freeze, rev}
rCold   + . .        (no shield)
rNeg    . . .        S - +2 robe {rC+}
rPois   .            J - +1 helmet
rElec   .            r - +1 cloak
rCorr   .            o - +1 pair of gloves
SInv    +            Q - +1 pair of boots {Stlth+}
Will    ++...        p - amulet of reflection
Stlth   ++++++       m - ring of protection from fire
HPRegen 0.57/turn    V - ring of willpower
MPRegen 0.19/turn

%: reflection
@: marked, healing quickly, heavily drained
A: alive, fangs 3, see invisible, vampiric 2
a: Exsanguinate, Renounce Religion, Wall Jump, Serpent's Lash, Heavenly Storm


You were on level 14 of the Dungeon.
You worshipped Wu Jian.
Wu Jian was exalted by your worship.
You visited 4 branches of the dungeon, and saw 22 of its levels.
You also visited: Sewer, Ossuary, Ice Cave and Volcano.

You collected 2758 gold pieces.
You spent 2224 gold pieces at shops.

Inventory:

Hand Weapons
 a - the +8 pair of quick blades "Gyre" and "Gimble" {protect}
   (You bought it in a shop on level 2 of the Orcish Mines)
 b - the +3 Maxwell's thermic engine (weapon) {flame, freeze, rev}
   (You found it in an ice cave)
 h - a +4 scimitar of flaming
 v - a +3 dagger of electrocution
Missiles
 e - 29 poisoned darts (quivered)
 n - a throwing net {!f}
 y - 2 curare-tipped darts
 E - 39 boomerangs
 T - 6 javelins
Armour
 o - a +1 pair of gloves (worn)
 r - a +1 cloak (worn)
 x - a +0 buckler
 J - a +1 helmet (worn)
 Q - a +1 pair of boots of stealth (worn)
 S - a +2 robe of cold resistance (worn)
 U - a +2 ring mail of poison resistance
 Y - a +2 robe of willpower
 Z - the +6 scale mail "Caebliur" {Dex+2}
   (You bought it in a shop on level 11 of the Dungeon)

   Dex+2:     It affects your dexterity (+2).
Jewellery
 m - a ring of protection from fire (left hand)
 p - an amulet of reflection (around neck)
 q - a ring of protection from fire
 O - a ring of resist corrosion
 V - a ring of willpower (right hand)
 W - a ring of flight
Wands
 f - a wand of paralysis (2)
 g - a wand of mindburst (9)
 s - a wand of polymorph (12)
 C - a wand of flame (26)
 R - a wand of quicksilver (2)
 X - a wand of iceblast (6)
Scrolls
 i - 3 scrolls of fog
 l - 5 scrolls of fear
 t - 4 scrolls of revelation
 B - 4 scrolls of blinking
 D - 4 scrolls of vulnerability
 I - 4 scrolls of teleportation
 K - a scroll of poison
 L - 3 scrolls of silence
 N - 6 scrolls of identify
Potions
 c - 2 potions of invisibility
 d - 2 potions of heal wounds
 j - 4 potions of magic
 k - a potion of berserk rage
 u - 4 potions of cancellation
 w - 2 potions of resistance
 z - 6 potions of ambrosia
 A - 3 potions of mutation
 F - 4 potions of curing
 G - 4 potions of lignification
 H - 5 potions of enlightenment
 P - 4 potions of haste


   Skills:
 + Level 15.2 Fighting
 - Level 10.0 Short Blades
 + Level 2.5 Throwing
 + Level 12.4 Dodging
 + Level 12.9 Stealth
 - Level 7.0 Spellcasting
 - Level 4.0 Conjurations
 + Level 12.7 Hexes
 - Level 2.0 Ice Magic
 + Level 3.2 Alchemy
 + Level 8.5 Evocations


You had 5 spell levels left.
You knew the following spells:

 Your Spells              Type           Power      Damage    Failure   Level
a - Ensorcelled Hibernat  Hex/Ice        90%        N/A       1%          2
b - Confusing Touch       Hex            64%        N/A       1%          3
c - Tukima's Dance        Hex            64%        N/A       1%          3
d - Dazzling Flash        Conj/Hex       100%       N/A       1%          3
e - Enfeeble              Hex            32%        N/A       30%         7
f - Yara's Violent Unrav  Hex/Alch       24%        3d11      7%          5

Your spell library contained the following spells:

 Spells                   Type           Power      Damage    Failure   Level
 Jinxbite                 Hex            100%       N/A       1%          2
 Hailstorm                Conj/Ice       23%        3d7       6%          3
 Necrotise                Necr           32%        1d5       7%          1
 Summon Small Mammal      Summ           32%        N/A       7%          1
 Cigotuvi's Dreadful Rot  Necr/Alch/Air  28%        N/A       7%          2
 Mephitic Cloud           Conj/Alch/Air  20%        N/A       8%          3
 Summon Ice Beast         Ice/Summ       13%        N/A       13%         3
 Silence                  Hex/Air        20%        N/A       14%         5
 Call Canine Familiar     Summ           8%         N/A       21%         3
 Vampiric Draining        Necr           8%         2d6       21%         3
 Dispel Undead            Necr           8%         3d8       54%         4
 Martyr's Knell           Necr/Summ      8%         N/A       54%         4
 Passage of Golubria      Tloc           8%         N/A       54%         4
 Summon Blazeheart Golem  Fire/Summ      8%         N/A       54%         4
 Curse of Agony           Necr           8%         N/A       88%         5
 Sculpt Simulacrum        Ice/Alch       10%        N/A       98%         6
 Death Channel            Necr           4%         N/A       100%        6


Dungeon Overview and Level Annotations

Branches:
Dungeon (14/15)            Temple (1/1) D:5            Lair (5/5) D:9
  Swamp (0/4) Lair:2       Spider (0/4) Lair:2        Slime (0/5) Lair:4
    Orc (2/2) D:11            Elf (0/3) Orc:2        Vaults (0/5) D:13
  Sewer (visited)         Ossuary (visited)           IceCv (visited)
Volcano (visited)

Altars:
Ashenzari
Cheibriados
Dithmenos
Fedhas
Gozag
Hepliaklqana
Kikubaaqudgha
Makhleb
Nemelex Xobeh
Okawaru
Qazlal
Ru
Sif Muna
Trog
Uskayaw
Vehumet
Wu Jian
Xom
Yredelemnul
Beogh
Jiyva

Shops:
D:11 [   Orc:2 :((::*([*

Portals:
Hell: Lair:5

Annotations:
D:8 1 runed translucent door, nago's ghost, novice DsCA
Orc:2 3 runed translucent doors, adozu's ghost, journeyman HOFi


Innate Abilities, Weirdness & Mutations

Your natural rate of healing is accelerated.
You have razor-sharp teeth.
You have supernaturally acute eyesight. (SInv)
You are afflicted with vampirism and can become a bat while bloodless.


Message History

You chop one of the five-headed hydra's heads off!
The flame cauterises the wound!
You slash the four-headed hydra! You burn the four-headed hydra.
You kill the four-headed hydra!
The Council accepts your kill.
The howler monkey hoots and howls with incredible vigour!
The laughing skull barely misses you.
You closely miss the laughing skull.
The laughing skull gibbers with scorn.
The bolt of negative energy hits the laughing skull.
The laughing skull completely resists.
The bolt of negative energy hits you!!
You feel drained.
* * * LOW HITPOINT WARNING * * *
The laughing skull closely misses you.
You barely miss the laughing skull. The laughing skull misses you.
The laughing skull gibbers with scorn.
The bolt of negative energy hits the laughing skull.
The laughing skull completely resists.
The bolt of negative energy hits you but does no damage.
The laughing skull closely misses you.
Unknown command.
You hit the laughing skull. You freeze the laughing skull.
The laughing skull is lightly damaged.
The laughing skull closely misses you.
The laughing skull headbutts you but does no damage.
Unknown command.
You miss the laughing skull.
The laughing skull is lightly damaged.
The laughing skull barely misses you. The laughing skull misses you.
The howler monkey hoots and howls with incredible vigour!
Unknown command.
You slice the laughing skull!! You freeze the laughing skull.
The laughing skull is almost destroyed.
The laughing skull closely misses you.
The laughing skull lets out a vicious peal of laugher.
The bolt of negative energy hits the laughing skull.
The laughing skull completely resists.
The bolt of negative energy hits you!!
You feel drained.
You die...
The laughing skull crumbles to pieces from sheer joy.

..<... .. #....# .#
#....##.##
#........#
#.......$+
#........#
#........#
#+##.......##
###@##.......##
..##zzyh..!...#
...##yy......##
#..##.......#######
#.................
#.................
..##..............
#.......#######
####.......#


You could see 3 vampire mosquitoes, 2 laughing skulls and a howler monkey
(catching breath).

Vanquished Creatures
  Gastronok (Lair:2)
  Donald (Orc:2)
  A frost giant (IceCv)
  2 orc warlords
  An ironbound preserver (D:13)
  An eleionoma (Lair:2)
  Snorg (D:10)
  Josephine (Lair:3)
  7 hydras
  Erica (D:8)
  3 centaur warriors (D:13)
  A catoblepas (Lair:3)
  An ogre mage (D:13)
  3 boulder beetles
  3 death yaks (IceCv)
  A dancing weapon (Volcano)
  2 two-headed ogres
  2 occultists (Volcano)
  A skyshark (Lair:4)
  A sixfirhy (Lair:5)
  An arcanist (Lair:5)
  A necromancer (D:13)
  3 orc knights
  2 cyclopes
  2 manticores
  3 ugly things
  7 orc sorcerers
  4 black mambas
  13 elephants
  4 kobold blastminers
  5 toenail golems (Volcano)
  An ice statue (IceCv)
  A smoke demon (Lair:5)
  19 cane toads
  A gargoyle (D:12)
  An orange demon (Lair:5)
  2 kobold demonologists
  2 rime drakes (Lair:5)
  12 komodo dragons
  4 ice devils (Lair:5)
  9 trolls
  11 polar bears
  3 hornets
  9 dream sheep
  14 blink frogs
  10 slime creatures
  Sigmund (D:2)
  2 shadows (D:11)
  10 wraiths
  57 yaks
  A steam dragon (D:8)
  5 basilisks
  Eustachio (D:4)
  A vampire (D:11)
  5 humans (Volcano)
  4 wargs
  8 vampire mosquitoes (D:11)
  5 acid dragons
  3 hell hounds (Lair:5)
  25 orc warriors
  12 water moccasins
  2 sky beasts
  9 black bears
  21 wolves (IceCv)
  5 ogres
  A wolf (shapeshifter) (D:14)
  4 centaurs
  2 phantoms (D:6)
  An elf zombie (Ossuary)
  2 kobold brigands (D:8)
  2 gnoll sergeants
  13 bullfrogs
  7 scorpions
  8 wights
  6 killer bees (D:10)
  2 electric eels (D:8)
  A bombardier beetle (D:5)
  6 jellies
  A hound (D:6)
  Crazy Yiuf (D:3)
  18 orc priests
  A sleepcap (D:8)
  2 scorpion zombies (D:13)
  Jessica (D:3)
  A gnoll bouda (D:7)
  2 iguanas
  26 orc wizards
  14 hell rats
  5 ogre zombies (Ossuary)
  2 hound zombies (D:13)
  7 mummies (Ossuary)
  Robin (D:3)
  15 gnolls
  5 adders
  2 river rats (Sewer)
  14 white imps
  4 ufetubi (D:6)
  3 adder zombies (Ossuary)
  5 ribbon worms
  4 dart slugs
  85 orcs
  12 bats
  16 endoplasms
  6 giant cockroaches
  17 goblins
  18 hobgoblins
  7 jackals (D:2)
  7 kobolds
  4 quokkas
  11 ball pythons
  12 frilled lizards
  2 goblin zombies (Ossuary)
  2 hobgoblin zombies (Ossuary)
  6 kobold zombies (Ossuary)
  An orc zombie (Ossuary)
  7 quokka zombies (Ossuary)
  8 rats
  3 rat zombies (Ossuary)
769 creatures vanquished.

Vanquished Creatures (collateral kills)
  6 wights
  A gnoll (D:7)
  2 orcs (Orc:2)
9 creatures vanquished.

Vanquished Creatures (others)
  4 dancing weapons
4 creatures vanquished.

Grand Total: 782 creatures vanquished

Notes
Turn   | Place    | Note
-------+----------+-------------------------------------------
     0 | D:1      | tilp the Vampire Enchanter began the quest for the Orb.
     0 | D:1      | Reached XP level 1. HP: 13/13 MP: 3/3
    79 | D:1      | Reached XP level 2. HP: 18/19 MP: 5/5
    82 | D:1      | Learned a level 2 spell: Ensorcelled Hibernation
   275 | D:1      | Gained mutation: You are afflicted with vampirism and can
                  | become a bat while bloodless. [Vampire growth]
   275 | D:1      | Reached XP level 3. HP: 25/25 MP: 6/6
   338 | D:1      | Learned a level 3 spell: Confusing Touch
   850 | D:2      | Reached skill level 5 in Stealth
   957 | D:2      | Reached skill level 1 in Fighting
   957 | D:2      | Reached XP level 4. HP: 12/32 MP: 0/7
  1067 | D:2      | Noticed Sigmund
  1418 | D:2      | Found a faded altar of an unknown god.
  1631 | D:2      | Reached skill level 5 in Hexes
  1907 | D:2      | Killed Sigmund
  1908 | D:2      | Reached skill level 1 in Ice Magic
  1908 | D:2      | Reached XP level 5. HP: 15/37 MP: 1/9
  1908 | D:2      | Reached XP level 6. HP: 17/43 MP: 1/10
  2261 | D:2      | Found a faded altar of an unknown god.
  2616 | D:3      | Learned a level 3 spell: Tukima's Dance
  3248 | D:3      | Found a shimmering altar of Xom.
  3277 | D:3      | Noticed Jessica
  3286 | D:3      | Killed Jessica
  3384 | D:3      | Noticed Robin
  3608 | D:3      | Killed Robin
  3743 | D:3      | Found a runed translucent door.
  3744 | D:3      | Noticed Crazy Yiuf
  3969 | D:3      | Killed Crazy Yiuf
  3970 | D:3      | Reached skill level 2 in Fighting
  4022 | D:4      | Reached XP level 7. HP: 50/50 MP: 11/11
  4150 | D:4      | Found a glowing drain.
  4153 | Sewer    | Entered a sewer
  4440 | Sewer    | Found a viscous altar of Jiyva.
  4505 | Sewer    | Reached skill level 1 in Evocations
  4534 | Sewer    | Learned a level 3 spell: Dazzling Flash
  4826 | D:4      | Noticed Eustachio
  4895 | D:4      | Killed Eustachio
  5025 | D:4      | Reached skill level 5 in Short Blades
  5282 | D:4      | Reached XP level 8. HP: 54/57 MP: 13/13
  5598 | D:5      | Entered Level 5 of the Dungeon
  5624 | D:5      | Found a sand-covered staircase.
  5632 | Ossuary  | Entered an ossuary
  5992 | Ossuary  | Reached skill level 1 in Conjurations
  6032 | Ossuary  | Reached skill level 3 in Fighting
  6875 | D:5      | You fall into a shaft and drop 1 floor!
  7401 | D:5      | Reached XP level 9. HP: 63/64 MP: 7/15
  7516 | D:5      | Found a staircase to the Ecumenical Temple.
  7600 | Temple   | Entered the Ecumenical Temple
  7628 | Temple   | Became a worshipper of the Wu Jian Council
  7768 | D:5      | Found a stormy altar of Qazlal.
  8248 | D:6      | Reached skill level 4 in Fighting
  9159 | D:6      | Paralysed by a hornet for 1 turns
  9163 | D:6      | Reached skill level 5 in Spellcasting
  9439 | D:6      | Reached * piety under Wu Jian
  9597 | D:7      | Identified the +1 trident of the Hammering Queen {drain,
                  | rCorr Int+4}
  9857 | D:7      | Found a blossoming altar of Fedhas.
 10230 | D:8      | Noticed Erica
 10322 | D:8      | Killed Erica
 10323 | D:8      | Reached skill level 5 in Fighting
 10323 | D:8      | Reached skill level 10 in Stealth
 10323 | D:8      | Reached XP level 10. HP: 68/74 MP: 10/17
 10371 | D:8      | Found a sparkling altar of Nemelex Xobeh.
 10373 | D:8      | Found a sacrificial altar of Ru.
 10690 | D:8      | Reached skill level 10 in Short Blades
 10832 | D:8      | Reached ** piety under Wu Jian
 10894 | D:8      | Found a runed translucent door.
 10895 | D:8      | Noticed nago's ghost (novice DsCA)
 11021 | D:8      | Reached skill level 6 in Fighting
 11349 | D:9      | Found a staircase to the Lair.
 12038 | D:9      | Reached skill level 7 in Fighting
 12038 | D:9      | Reached skill level 5 in Dodging
 12174 | D:10     | Entered Level 10 of the Dungeon
 12184 | D:10     | Found a radiant altar of Vehumet.
 12613 | D:10     | Noticed a two-headed ogre
 12619 | D:10     | Killed a two-headed ogre
 12620 | D:10     | Reached XP level 11. HP: 83/86 MP: 11/18
 12689 | D:10     | Found a bloodstained altar of Trog.
 12697 | D:10     | Reached skill level 8 in Fighting
 13007 | D:10     | Noticed Snorg
 13010 | D:10     | Killed Snorg
 13121 | D:10     | Found a shimmering blue altar of Sif Muna.
 13330 | D:10     | Reached *** piety under Wu Jian
 13704 | D:11     | Reached skill level 9 in Fighting
 13798 | D:11     | Noticed a two-headed ogre
 13803 | D:11     | Found Wach's Antique Armour Emporium.
 13807 | D:11     | Killed a two-headed ogre
 14409 | D:11     | Reached skill level 10 in Fighting
 14499 | D:11     | Found a staircase to the Orcish Mines.
 14631 | D:11     | Bought a jewelled scale mail for 225 gold pieces
 14631 | D:11     | Identified the +6 scale mail "Caebliur" {Dex+2} (You bought
                  | it in a shop on level 11 of the Dungeon)
 14722 | Lair:1   | Entered Level 1 of the Lair of Beasts
 15047 | Lair:1   | Reached XP level 12. HP: 99/99 MP: 14/19
 15088 | Lair:1   | Reached **** piety under Wu Jian
 15139 | Lair:1   | Reached skill level 11 in Fighting
 15683 | Lair:2   | Noticed a four-headed hydra
 15686 | Lair:2   | Killed a four-headed hydra
 15701 | Lair:2   | Found a hole to the Spider Nest.
 15726 | Lair:2   | Identified the +1 ring mail of the Thistle {rPois rC- rN+++
                  | Int+2}
 15770 | Lair:2   | Found a dark tunnel.
 15793 | Volcano  | Entered a volcano
 16357 | Volcano  | Reached skill level 12 in Fighting
 16569 | Volcano  | Reached skill level 10 in Dodging
 17067 | Lair:2   | Noticed Gastronok
 17074 | Lair:2   | Noticed a five-headed hydra
 17079 | Lair:2   | Killed a five-headed hydra
 17092 | Lair:2   | Killed Gastronok
 17093 | Lair:2   | Reached skill level 13 in Fighting
 17300 | Lair:2   | Reached ***** piety under Wu Jian
 17365 | Lair:2   | Found a staircase to the Swamp.
 17365 | Lair:2   | Noticed an eleionoma
 17401 | Lair:2   | Killed an eleionoma
 17402 | Lair:2   | Reached XP level 13. HP: 10/111 MP: 13/20
 18361 | Lair:3   | Noticed Josephine
 18673 | Lair:3   | Killed Josephine
 20805 | Lair:4   | Reached skill level 10 in Hexes
 21312 | Lair:4   | Found a viscous altar of Jiyva.
 21312 | Lair:4   | Found a staircase to the Slime Pits.
 21362 | Lair:5   | Entered Level 5 of the Lair of Beasts
 21492 | Lair:5   | Reached skill level 5 in Evocations
 22124 | Lair:5   | Reached XP level 14. HP: 119/119 MP: 18/22
 22598 | Lair:5   | Reached skill level 14 in Fighting
 22693 | Lair:5   | Reached ****** piety under Wu Jian
 23825 | Lair:5   | Found a burning altar of Makhleb.
 23954 | Lair:5   | HP: 3/120 [ice devil (20)]
 24158 | Lair:5   | Found a gateway to Hell.
 24351 | Orc:1    | Entered Level 1 of the Orcish Mines
 24758 | Orc:2    | Entered Level 2 of the Orcish Mines
 24764 | Orc:1    | Noticed an orc warlord
 24836 | Orc:2    | Found a staircase to the Elven Halls.
 24853 | Orc:2    | Found Zexaefow's Assorted Antiques.
 24946 | Orc:2    | Found a roughly hewn altar of Beogh.
 25174 | Orc:2    | Found Taywn's Book Shop.
 25686 | Orc:2    | Found a roughly hewn altar of Beogh.
 25781 | Orc:2    | Found Milec's Antique Weapon Boutique.
 25848 | Orc:2    | Found a roughly hewn altar of Beogh.
 26087 | Orc:2    | Found Bihuarghu's Book Shoppe.
 26152 | Orc:2    | Found Xeqi's Weapon Shoppe.
 26159 | Orc:2    | Bought the +8 pair of quick blades "Gyre" and "Gimble"
                  | {protect} for 975 gold pieces
 26159 | Orc:2    | Found the +8 pair of quick blades "Gyre" and "Gimble"
                  | {protect}
 26229 | Orc:2    | Found a roughly hewn altar of Beogh.
 26243 | Orc:2    | Found Axkulef's Book Shop.
 26256 | Orc:2    | Bought a book of Misfortune for 544 gold pieces
 26264 | Orc:2    | Learned a level 7 spell: Enfeeble
 26357 | Orc:2    | Noticed Donald
 26642 | Orc:2    | Noticed an orc warlord
 26829 | Orc:2    | Found a runed translucent gate.
 26829 | Orc:2    | Found a runed translucent gate.
 26829 | Orc:2    | Found a runed translucent gate.
 26830 | Orc:2    | Identified the +9 long sword "Ciclia" {holy, Str+4}
 26830 | Orc:2    | Identified the +0 ring mail "Miqum" {Will+ Stlth+}
 26832 | Orc:2    | Noticed adozu's ghost (journeyman HOFi)
 26966 | Orc:2    | Found Wualas's Assorted Antiques.
 26993 | Orc:2    | Found Umeshun's Antique Armour Boutique.
 26994 | Orc:2    | Found a roughly hewn altar of Beogh.
 26995 | Orc:2    | Found Neblyol's Antique Weapon Shop.
 27006 | Orc:2    | Killed an orc warlord
 27007 | Orc:2    | Reached skill level 15 in Fighting
 27173 | Orc:2    | Found a roughly hewn altar of Beogh.
 27279 | Orc:2    | Bought Great Wizards, Vol. VII for 480 gold pieces
 27285 | Orc:2    | Learned a level 5 spell: Yara's Violent Unravelling
 27459 | Orc:2    | Killed Donald
 27891 | Orc:1    | Killed an orc warlord
 28964 | D:13     | Reached XP level 15. HP: 84/129 MP: 20/25
 28988 | D:13     | Found a frozen archway.
 29065 | IceCv    | Entered an ice cave
 29089 | IceCv    | Reached skill level 1 in Alchemy
 29139 | IceCv    | Reached skill level 1 in Throwing
 29292 | IceCv    | Noticed a frost giant
 29333 | IceCv    | Killed a frost giant
 29458 | IceCv    | Found the +2 Maxwell's thermic engine {flame, freeze, rev}
 29968 | D:13     | Found a gate to the Vaults.
 30239 | D:13     | Found an ancient bone altar of Kikubaaqudgha.
 30562 | D:14     | Killed from afar by a laughing skull

Illustrated notes

Levels and vault maps discovered:
D:1:      mrwooster_arrival_statue_3, layout_loops_cross,
          nicolae_kite_square_tiling_tiny, grunt_decor_mini_mirrors
D:2:      layout_loops_cross, shapermc_ecumenical_altar_mp_highgroup,
          dk_noncrumbling_2, reono_crystal_passage, uniq_sigmund
D:3:      cheibrodos_greedy_goblins, layout_loops_corners,
          mainiacjoe_overflow_surrounded_room, grunt_ministairs_15,
          uniq_crazy_yiuf_cottage, uniq_robin, uniq_jessica
D:4:      layout_loops_corners, mainiacjoe_sewer_entry_somewhere_in_here_1,
          dreamdust_wishing_well, uniq_eustachio
D:5:      layout_basic, grunt_qazlal_sundering, minmay_temple_entry_fiery,
          nicolae_ossuary_entry_plus
D:6:      layout_loops_corners
D:7:      layout_rooms, fedhas_ov_isle_minmay,
          serial_library_regret_index_multi, skrybe_limestone_x
D:8:      layout_basic, chequers_temple_overflow_statue_of_worship,
          ebering_ghost_reflecting_pool, st_stairs_10, uniq_erica
D:9:      layout_basic, dpeg_oklobed_lair
D:10:     layout_basic, mainiacjoe_overflow_chevrons, trog_ov_bears_minmay,
          nicolae_sif_muna_little_library, uniq_snorg
D:11:     layout_long_grid, orc_0_dummy, serial_shops,
          nicolae_shop_gibbet_a_chance
D:12:     layout_stronghold, st_stairs_11, hangedman_glass_teeth
D:13:     layout_irregular_city, skrybe_vaults_entry_preservation,
          portal_ice_cave_entry_imps, amcnicky_mini_rare_corridor_liquid,
          lemuel_zombie_altar_kikubaaqudgha
D:14:     layout_gridville, nicolae_shop_dragon_depot,
          chequers_serial_rivers_large_a, hive_lemuel
Temple:   nicolae_temple_superstar
Lair:1:   layout_cellular_growth, grunt_forest_stairs_basic, grunt_megastairs_4,
          serial_bayou_shore_b
Lair:2:   layout_loops_ring, alex1729_swamp_entry_worm_eleionoma,
          spider_nest_entry_web_field, enter_volcano_2, uniq_gastronok
Lair:3:   layout_cave_pods, uniq_josephine
Lair:4:   layout_gridlike, dpeg_slime_entry_enclosed
Lair:5:   evil_forest, layout_loops_ring, wad_woods_road_04
Orc:1:    layout_diamond_mine
Orc:2:    grunt_orc_community_town_hall, layout_diamond_mine,
          grunt_orc_community_big_house_1, grunt_orc_community_big_house_2,
          grunt_orc_community_house_1, grunt_orc_community_house_3,
          grunt_orc_community_house_3, grunt_orc_community_house_3,
          grunt_orc_community_house_1, serial_shops, shop, shop,
          nicolae_shop_pleasant_corner_grove, nicolae_shop_back_alley_shop,
          nicolae_shop_dealshenge, biasface_ghost_orc_armoury,
          nicolae_orc_stalacmites, uniq_donald

Skill      XL: |  1  2  3  4  5  6  7  8  9 10 11 12 13 14 15 |
---------------+----------------------------------------------+-----
Short Blades   | 2 3 4 5 6 9 10 | 10.0
Stealth        | 5 6 7 10 11 12 | 12.9
Fighting       | 1 2 3 5 7 10 13 15 | 15.2
Hexes          | 5 6 7 8 10 12 | 12.7
Dodging        | 3 4 5 8 10 12 | 12.4
Ice Magic      | 1 2 |  2.0
Spellcasting   | 3 4 5 7 |  7.0
Evocations     | 1 2 3 4 5 8 |  8.5
Conjurations   | 1 2 3 4 |  4.0
Alchemy        | 3 |  3.2
Throwing       | 2 |  2.5

Action                     |  1- 3 |  4- 6 |  7- 9 | 10-12 | 13-15 || total
---------------------------+-------+-------+-------+-------+-------++-------
  Melee: Dagger            |    95 |   185 |   463 |   612 |   584 ||  1939
         Bite              |     6 |    15 |    44 |    92 |   293 ||   450
         Scimitar          |       |       |       |       |    23 ||    23
         Pair of quick bla |       |       |       |       |  1102 ||  1102
         Double sword      |       |       |       |       |    15 ||    15
  Throw: Dart              |       |       |       |       |     3 ||     3
   Cast: Ensorcelled Hiber |     7 |    16 |    70 |   105 |   227 ||   425
         Confusing Touch   |       |     1 |    19 |    22 |    37 ||    79
         Tukima's Dance    |       |     2 |     6 |    15 |    10 ||    33
         Dazzling Flash    |       |       |       |     8 |    43 ||    51
Ability: Lunge             |       |       |    15 |    46 |    85 ||   146
         Whirlwind         |       |       |       |     8 |    21 ||    29
  Evoke: Wand              |       |       |       |     7 |       ||     7
    Use: Scroll            |     4 |     5 |    16 |     6 |     3 ||    34
         Potion            |       |       |     3 |     3 |     1 ||     7
   Stab: Sleeping          |    10 |    22 |    74 |    93 |   175 ||   374
         Invisible         |       |       |     2 |     6 |    38 ||    46
         Confused          |       |       |    12 |    14 |    48 ||    74
         Distracted        |       |       |       |     2 |     4 ||     6
 Armour: Robe              |    54 |    80 |   184 |   234 |   467 ||  1019
  Dodge: Dodged            |    58 |   136 |   230 |   210 |   666 ||  1300
  Block: Buckler           |       |       |    43 |    54 |   109 ||   206
         Other             |       |       |       |       |    14 ||    14

Table legend: (Time is in decaauts)
 A = Elapsed time spent in this place.
 B = Non-inter-level travel time spent in this place.
 C = Inter-level travel time spent in this place.
 D = Time resting spent in this place.
 E = Time spent auto-exploring this place.
 F = Levels seen in this place.
 G = Mean time per level.
                   A        B        C        D        E       F      G
               +--------+--------+--------+--------+--------+-----+--------+
         Total |  29983 |  28492 |   1491 |   5037 |  17100 |  26 | 1153.2 |
       Dungeon |  14775 |  14068 |    707 |   1047 |  10397 |  14 | 1055.4 |
        Temple |     41 |      1 |     40 |      0 |      0 |   1 |   41.0 |
          Lair |   8363 |   8035 |    328 |   2019 |   4606 |   5 | 1672.6 |
  Orcish Mines |   3482 |   3067 |    415 |    853 |   1052 |   2 | 1741.0 |
         Sewer |    515 |    515 |      0 |    206 |    115 |   1 |  515.0 |
       Ossuary |   1148 |   1148 |      0 |    522 |    312 |   1 | 1148.0 |
      Ice Cave |    762 |    762 |      0 |    111 |    404 |   1 |  762.0 |
       Volcano |    894 |    894 |      0 |    278 |    212 |   1 |  894.0 |
               +--------+--------+--------+--------+--------+-----+--------+

Top non-repeatable levels by time:
   Orc:2: 2774 daAuts
  Lair:5: 2509 daAuts
     D:2: 1885 daAuts
  Lair:3: 1751 daAuts
  Lair:4: 1717 daAuts
     D:6: 1677 daAuts
  Lair:2: 1422 daAuts
    D:11: 1398 daAuts
    D:10: 1328 daAuts
     D:3: 1304 daAuts
 Ossuary: 1148 daAuts
     D:4: 1068 daAuts
  Lair:1: 962 daAuts
     D:9: 951 daAuts
     D:8: 951 daAuts
